 Dungeon Crawl Stone Soup version 0.32-a0-909-gc671339a80 (webtiles) character file.

Game seed: 5434605619621078523

68992 GiantSquids the Fencer (level 15, -14/115 HPs)
             Began as a Coglin Hunter on Apr 6, 2024.
             Was the Champion of Makhleb.
             Killed from afar by a frost giant (47 damage)
             ... with a bolt of cold
             ... in an ice cave.
             The game lasted 00:53:01 (19838 turns).

GiantSquids the Fencer (Coglin Hunter)             Turns: 19838, Time: 00:53:01

Health: -14/115    AC: 18    Str: 16    XL:     15   Next: 28%
Magic:  15/15      EV: 18    Int:  4    God:    Makhleb [******]
Gold:   1549       SH:  0    Dex: 30    Spells: 14/14 levels left

rFire   + . .        K - +11 Singing Sword {sonic wave}
rCold   . . .        f - +11 dagger "Licruet" {freeze, rElec Str+3 Int-5 Stlth+}
rNeg    . . .        P - +0 acid dragon scales
rPois   +            u - +1 helmet
rElec   +            G - +2 cloak
rCorr   +            D - +2 pair of gloves of the Dungeon {Dex+7}
SInv    .            h - +0 pair of boots
Will    +....        (amulet unavailable)
Stlth   +++          (ring unavailable)
HPRegen 0.39/turn    (ring unavailable)
MPRegen 0.14/turn    S - tuning megaassembler {AutoDazzle, rPois rF+ rCorr}

%: no passive effects
@: revved
A: off-hand wielding, slow wielding, warmup strikes, no jewellery
a: Renounce Religion, Minor Destruction, Lesser Servant of Makhleb, Major
Destruction, Greater Servant of Makhleb


You were in an ice cave.
You worshipped Makhleb.
Makhleb was exalted by your worship.
You visited 3 branches of the dungeon, and saw 20 of its levels.
You also visited: Sewer, Ossuary, Gauntlet and Ice Cave.

You collected 1549 gold pieces.

Inventory:

Hand Weapons
 a - a +2 sling of freezing {Kyogo}
 d - a +0 sling {Tlalli}
 f - the +11 dagger "Licruet" (offhand) {freeze, rElec Str+3 Int-5 Stlth+}
   (You took it off an orc wizard on level 12 of the Dungeon)

   Str+3:     It affects your strength (+3).
   Int-5:     It affects your intelligence (-5).
   rElec:     It insulates you from electricity.
   Stlth+:    It makes you more stealthy.
 K - the +11 Singing Sword (weapon) {sonic wave}
   (You found it on level 8 of the Dungeon)
 L - a +1 dagger of venom {Cortez}
 M - the +9 dagger of Pywa {heavy, rPois rF+}
   (You found it on level 9 of the Dungeon)

   rF+:       It protects you from fire.
   rPois:     It protects you from poison.
Missiles
 J - 4 javelins
 O - 3 throwing nets (quivered)
Armour
 h - a +0 pair of boots (worn)
 u - a +1 helmet (worn)
 D - the +2 pair of gloves of the Dungeon (worn) {Dex+7}
   (You found it in a Gauntlet)

   Dex+7:     It affects your dexterity (+7).
 G - a +2 cloak (worn)
 I - a +1 leather armour of poison resistance
 P - +0 acid dragon scales (worn)
Magical Staves
 R - the staff of Akholiuc {Fly Earth}
   (You found it in a Gauntlet)

   [staff of earth]

   Base accuracy: +5 Base damage: 5 Base attack delay: 1.2 This weapon's minimum
   attack delay (0.6) is reached at skill level 12.
   Fly:       It grants you flight.
   Earth:     It increases the power of your Earth spells.
   It falls into the 'Staves' category.
   It is a one-graspered weapon.
Gizmo
 S - a tuning megaassembler (installed) {AutoDazzle, rPois rF+ rCorr}
   (You invented it yourself on level 2 of the Orcish Mines)

   [tuning megaassembler]

   AutoDazzle: It sometimes fires a blinding ray at enemies whose attacks you
   dodge.
   rF+:       It protects you from fire.
   rPois:     It protects you from poison.
   rCorr:     It protects you from acid and corrosion.
Wands
 k - a wand of flame (8)
 B - a wand of paralysis (12)
 H - a wand of mindburst (10)
 N - a wand of digging (9)
Scrolls
 b - a scroll of butterflies
 e - 7 scrolls of enchant armour
 g - 5 scrolls of brand weapon
 i - 2 scrolls of amnesia
 p - 10 scrolls of blinking
 r - 2 scrolls of fog
 s - 7 scrolls of teleportation
 y - a scroll of enchant weapon
 C - a scroll of silence
 F - a scroll of summoning
 T - 5 scrolls of identify
Potions
 c - 2 potions of brilliance {unknown}
 j - 3 potions of mutation
 l - 4 potions of invisibility {unknown}
 m - 4 potions of cancellation {unknown}
 n - 7 potions of haste {unknown}
 o - 5 potions of resistance {unknown}
 q - 5 potions of heal wounds
 t - 10 potions of curing
 v - 3 potions of enlightenment {unknown}
 w - 5 potions of attraction {unknown}
 x - 6 potions of lignification
 z - a potion of ambrosia
 A - 3 potions of might
 Q - a potion of magic {unknown}
Miscellaneous
 E - a sack of spiders


   Skills:
 + Level 9.7 Fighting
 + Level 16.2 Long Blades
 - Level 14.2 Ranged Weapons
 + Level 8.6 Armour
 + Level 7.3 Dodging
 - Level 0.7 Stealth


You had 14 spell levels left.
You didn't know any spells.
Your spell library contained the following spells:

 Spells                   Type           Power      Damage    Failure   Level
 Magic Dart               Conj           0%         1d3       58%         1
 Sting                    Conj/Alch      0%         1d3       58%         1
 Cigotuvi's Dreadful Rot  Necr/Alch/Air  0%         N/A       73%         2
 Mercury Vapours          Alch/Air       0%         N/A       73%         2
 Searing Ray              Conj           0%         2d4       73%         2
 Dazzling Flash           Conj/Hex       0%         N/A       91%         3
 Mephitic Cloud           Conj/Alch/Air  0%         N/A       91%         3
 Tukima's Dance           Hex            0%         N/A       91%         3
 Dimensional Bullseye     Hex/Tloc       0%         N/A       100%        4
 Fulminant Prism          Conj/Alch      0%         3d5       100%        4
 Ignite Poison            Fire/Alch      0%         N/A       100%        4
 Iskenderun's Mystic Bla Conj/Tloc 0%             2d3        (+2d1     100%        4
 Olgreb's Toxic Radiance  Alch           0%         N/A       100%        4
 Alistair's Intoxication  Alch           0%         N/A       100%        5
 Borgnjor's Vile Clutch   Necr/Erth      0%         N/A       100%        5
 Curse of Agony           Necr           0%         N/A       100%        5
 Freezing Cloud           Conj/Ice/Air   0%         6-21      100%        5
 Silence                  Hex/Air        0%         N/A       100%        5
 Summon Forest            Summ/Tloc      0%         N/A       100%        5
 Summon Mana Viper        Hex/Summ       0%         N/A       100%        5
 Eringya's Noxious Bog    Alch           0%         4d6       100%        6
 Summon Cactus Giant      Summ           0%         N/A       100%        6


Dungeon Overview and Level Annotations

Branches:
Dungeon (14/15)            Temple (0/1) D:6            Lair (4/5) D:9
  Swamp (0/4) Lair:3        Snake (0/4) Lair:2          Orc (2/2) D:12
    Elf (0/3) Orc:2        Vaults (0/5) D:13          Sewer (visited)
Ossuary (visited)           IceCv (1/1)             Gauntlet (visited)
  Slime: Lair:4-5

Altars:
Ashenzari
Cheibriados
Dithmenos
Elyvilon
Fedhas
Gozag
Makhleb
Nemelex Xobeh
Okawaru
Ru
Trog
Uskayaw
Vehumet
Wu Jian
Zin
Beogh
Lugonu

Shops:
D:1 (   Orc:2 (*=[

Annotations:
D:10 2 transporters
D:14 2 transporters, Zuyzier's ghost, journeyman MiFi


Innate Abilities, Weirdness & Mutations

You can wield a second weapon in your off-hand.
It takes a long time for you to wield or remove held weapons.
Your first few attacks do less damage.
You cannot equip rings or amulets.


Message History

Makhleb accepts your kill.
You feel better. The wolf closely misses you.
You slice the death yak with the +11 Singing Sword!!
The Singing Sword sings, "I did it my way!"
You send a blast of sound all around you.
The wolf is heavily wounded.
The death yak is severely wounded. x2
You hit the death yak with the +11 dagger "Licruet".
You freeze the death yak. The wolf barely misses you. The death yak gores you!
You puncture the death yak with the +11 dagger "Licruet"!
You freeze the death yak.
The death yak is severely wounded.
You slice the death yak with the +11 Singing Sword!!
The Singing Sword sings a lullaby.
You send a blast of sound all around you.
The wolf is severely wounded.
The frost giant is lightly wounded.
You kill the death yak!
Makhleb accepts your kill.
You feel better. The wolf barely misses you.
You puncture the wolf with the +11 dagger "Licruet"!
You freeze the wolf.
You kill the wolf!
Makhleb accepts your kill.
Things that are here:
a polar bear corpse; a wolf corpse You hit the frost giant but do no damage.
You hit the frost giant with the +11 Singing Sword.
The frost giant hits you with a +2 battleaxe of freezing!!
The frost giant freezes you!
* * * LOW HITPOINT WARNING * * *
You puncture the frost giant with the +11 dagger "Licruet"!
The frost giant is lightly wounded.
You slice the frost giant with the +11 Singing Sword!!
You hit the frost giant but do no damage.
The frost giant is moderately wounded.
You barely miss the frost giant with the +11 Singing Sword.
The frost giant casts a spell at you. The bolt of cold hits you!!!
You die...

##≈≈ #.... #.# ###....
.# ##..... ###.....#
##.......# #........##
#....C...## ######
#...@....###
###....######.††......
###....#...####.........
†....####....#...#######
††#### ####...### ###
#####


You could see a frost giant.

Vanquished Creatures
  An orc warlord (Orc:2)
  2 minotaurs
  The ghost of Daustr Ziklu the Spear-Bearer, a journeyman GnRe of Beogh (D:11)
  An ettin (Orc:2)
  A green death (Gauntlet)
  Fannar (D:12)
  An entropy weaver (Gauntlet)
  3 vault guards (D:13)
  An ogre mage (Orc:2)
  A boulder beetle (D:11)
  A hydra (Lair:3)
  A centaur warrior (D:14)
  7 two-headed ogres
  10 death yaks
  A tengu warrior (D:13)
  The ghost of croobank the Covert, a journeyman FeDe of Kikubaaqudgha (Lair:2)
  An orc high priest (Orc:2)
  Sonja (D:12)
  A skyshark (Lair:3)
  A deep elf knight (D:13)
  An arcanist (D:14)
  A deep elf archer (D:13)
  Pikel (D:6)
  An obsidian bat (Orc:2)
  A wolf spider (Gauntlet)
  A lindwurm (Lair:2)
  5 orc knights
  An oklob plant (Gauntlet)
  A cyclops (D:12)
  6 orc sorcerers
  3 ugly things
  2 manticores
  4 elephants (Lair:1)
  3 meliai (D:13)
  5 black mambas
  2 kobold blastminers (Orc:2)
  An ice statue (IceCv)
  A guardian serpent (shapeshifter) (D:13)
  Maggie (D:10)
  5 gargoyles
  4 cane toads
  6 rime drakes
  A yaktaur (D:13)
  4 komodo dragons
  3 trolls
  A hornet (D:11)
  5 polar bears
  7 blink frogs
  10 dream sheep
  Sigmund (D:5)
  A shadow (D:10)
  3 wraiths
  8 wyverns
  A vampire (D:10)
  5 wargs
  2 steam dragons
  3 basilisks (Lair:2)
  42 yaks
  2 vampire mosquitoes (D:12)
  2 redbacks (Gauntlet)
  3 nagas (Lair:2)
  2 swamp worms (Lair:3)
  3 acid dragons
  7 water moccasins
  21 orc warriors
  9 ice beasts
  A swamp drake (D:12)
  3 black bears
  A meliai simulacrum (D:12)
  2 laughing skulls (D:14)
  15 wolves
  5 ogres
  7 centaurs
  An elf zombie (Ossuary)
  4 lemures (D:6)
  2 phantoms
  A weeping skull (Ossuary)
  5 kobold brigands
  4 bullfrogs
  8 scorpions
  2 gnoll sergeants
  A burial acolyte (Ossuary)
  5 killer bees (D:9)
  A howler monkey (D:9)
  9 orc priests
  2 jellies
  A bombardier beetle (D:5)
  3 hounds
  A centaur zombie (Ossuary)
  2 gnoll boudas
  Terence (D:3)
  8 hell rats
  5 iguanas
  3 sleepcaps
  26 orc wizards
  5 mummies (Ossuary)
  3 hound skeletons (D:4)
  16 gnolls
  12 adders
  2 river rats
  A shadow imp (D:7)
  2 white imps
  2 adder zombies (D:4)
  2 adder skeletons (D:4)
  3 ribbon worms
  3 dart slugs
  48 orcs
  13 ball pythons
  13 bats
  11 endoplasms
  7 giant cockroaches
  5 gnoll zombies (Ossuary)
  6 goblins
  6 hobgoblins
  2 jackals (D:4)
  35 kobolds
  4 quokkas
  2 frilled lizards (D:1)
  An orc zombie (Ossuary)
  6 rats
579 creatures vanquished.

Vanquished Creatures (others)
  A butterfly (D:9)
1 creature vanquished.

Grand Total: 580 creatures vanquished

Notes
Turn   | Place    | Note
-------+----------+-------------------------------------------
     0 | D:1      | GiantSquids the Coglin Hunter began the quest for the Orb.
     0 | D:1      | Reached XP level 1. HP: 16/16 MP: 1/1
    62 | D:1      | Reached XP level 2. HP: 22/22 MP: 2/2
   210 | D:1      | Reached XP level 3. HP: 27/27 MP: 3/3
   402 | D:1      | Found Simufuel's Weapon Shoppe.
   666 | D:2      | Reached skill level 5 in Ranged Weapons
   739 | D:2      | Reached XP level 4. HP: 33/33 MP: 4/4
  1138 | D:3      | Found a faded altar of an unknown god.
  1142 | D:3      | Reached XP level 5. HP: 38/38 MP: 5/5
  1277 | D:3      | Found a hide-covered altar of Uskayaw.
  1324 | D:3      | Noticed a black bear
  1330 | D:3      | Killed a black bear
  1358 | D:3      | Noticed Terence
  1365 | D:3      | Killed Terence
  1366 | D:3      | Reached XP level 6. HP: 18/44 MP: 6/6
  1771 | D:3      | Identified the +0 robe of the Stone Wall {rF+ Dex+5
                  | Archmagi}
  1842 | D:3      | Found a sacrificial altar of Ru.
  1851 | D:3      | Found a broken altar of Ashenzari.
  1853 | D:3      | Found a sparkling altar of Nemelex Xobeh.
  1854 | D:3      | Found a radiant altar of Vehumet.
  2162 | D:4      | Found a sand-covered staircase.
  2180 | Ossuary  | Entered an ossuary
  2408 | Ossuary  | Reached XP level 7. HP: 50/50 MP: 7/7
  2633 | D:4      | Found a burning altar of Makhleb.
  2635 | D:4      | Found a glowing silver altar of Zin.
  2641 | D:4      | Became a worshipper of Makhleb the Destroyer
  2659 | D:4      | Found a glowing drain.
  2677 | Sewer    | Entered a sewer
  3116 | D:4      | Reached * piety under Makhleb
  3170 | D:4      | Reached XP level 8. HP: 55/56 MP: 8/8
  3420 | D:4      | Found an opulent altar of Gozag.
  3586 | D:5      | Entered Level 5 of the Dungeon
  3737 | D:5      | Noticed Sigmund
  3743 | D:5      | Killed Sigmund
  3806 | D:5      | Found a blossoming altar of Fedhas.
  3844 | D:5      | Reached skill level 10 in Ranged Weapons
  4259 | D:5      | Found a snail-covered altar of Cheibriados.
  4701 | D:6      | Reached XP level 9. HP: 61/61 MP: 9/9
  4789 | D:6      | Found a staircase to the Ecumenical Temple.
  4799 | D:6      | Reached ** piety under Makhleb
  4957 | D:6      | Noticed Pikel
  4974 | D:6      | Killed Pikel
  6109 | D:7      | Reached XP level 10. HP: 67/67 MP: 10/10
  6625 | D:8      | Reached *** piety under Makhleb
  6975 | D:8      | Found the +11 Singing Sword {sonic wave}
  7570 | D:9      | Reached skill level 1 in Long Blades
  7588 | D:9      | Reached skill level 2 in Long Blades
  7592 | D:9      | Reached skill level 3 in Long Blades
  7593 | D:9      | Noticed a two-headed ogre
  7734 | D:9      | Found an iron altar of Okawaru.
  7777 | D:9      | Reached skill level 4 in Long Blades
  7818 | D:9      | Reached skill level 5 in Long Blades
  7827 | D:9      | Killed a two-headed ogre
  7828 | D:9      | Reached skill level 6 in Long Blades
  7828 | D:9      | Reached XP level 11. HP: 41/72 MP: 11/11
  7850 | D:9      | Reached **** piety under Makhleb
  8004 | D:9      | Reached skill level 7 in Long Blades
  8047 | D:9      | Reached skill level 8 in Long Blades
  8097 | D:9      | Identified the +9 dagger of Pywa {heavy, rPois rF+}
  8157 | D:9      | Found a staircase to the Lair.
  8201 | D:9      | Found a shadowy altar of Dithmenos.
  8235 | D:9      | Found a white marble altar of Elyvilon.
  8456 | D:10     | Entered Level 10 of the Dungeon
  8824 | D:10     | Noticed Maggie
  8834 | D:10     | Killed Maggie
  8899 | D:10     | Reached skill level 9 in Long Blades
  8911 | D:10     | Noticed a two-headed ogre
  8924 | D:10     | Killed a two-headed ogre
  8954 | D:10     | Reached ***** piety under Makhleb
  9113 | D:10     | Found a transporter.
  9113 | D:10     | Found a transporter.
  9113 | D:10     | Noticed a brown ugly thing
  9115 | D:10     | Found a corrupted altar of Lugonu.
  9116 | D:10     | Noticed a cyan ugly thing
  9225 | D:10     | Found an ornate altar of the Wu Jian Council.
  9262 | D:10     | Noticed a two-headed ogre
  9271 | D:10     | Killed a two-headed ogre
  9272 | D:10     | Reached skill level 10 in Long Blades
  9362 | D:10     | You fall into a shaft and drop 1 floor!
  9467 | D:11     | Found a runed translucent gate.
  9468 | D:11     | Found a runed translucent gate.
  9469 | D:11     | Found a runed translucent gate.
  9470 | D:11     | Noticed a minotaur
  9472 | D:11     | Noticed Daustr Ziklu's ghost (journeyman GnRe)
  9522 | D:11     | Noticed a boulder beetle
  9522 | D:11     | Noticed a white ugly thing
  9529 | D:11     | Killed a white ugly thing
  9532 | D:11     | Killed a boulder beetle
  9637 | D:11     | Reached skill level 11 in Long Blades
 10412 | D:11     | Reached XP level 12. HP: 78/78 MP: 12/12
 10420 | D:11     | Killed a minotaur
 10430 | D:11     | Killed Daustr Ziklu's ghost
 10431 | D:11     | Reached skill level 12 in Long Blades
 11075 | D:12     | Noticed Fannar
 11082 | D:12     | Killed Fannar
 11083 | D:12     | Reached skill level 13 in Long Blades
 11307 | D:12     | Identified the +11 dagger "Licruet" {freeze, rElec Str+3
                  | Int-5 Stlth+}
 11312 | D:12     | Found a staircase to the Orcish Mines.
 11488 | D:12     | Noticed Sonja
 11497 | D:12     | Killed Sonja
 11734 | D:13     | Reached skill level 1 in Armour
 12199 | D:13     | Noticed a vault guard
 12428 | D:13     | Noticed a tengu warrior
 12438 | D:13     | Killed a tengu warrior
 12439 | D:13     | Reached skill level 14 in Long Blades
 12859 | D:13     | Noticed a deep elf knight
 12881 | D:13     | Killed a deep elf knight
 12887 | D:13     | Reached XP level 13. HP: 60/89 MP: 13/13
 13065 | D:13     | Noticed a vault guard
 13065 | D:13     | Noticed a vault guard
 13077 | D:13     | Killed a vault guard
 13079 | D:13     | Reached skill level 5 in Fighting
 13131 | D:13     | Killed a vault guard
 13298 | D:13     | Found a gate to the Vaults.
 13318 | D:13     | Killed a vault guard
 13542 | D:14     | Noticed Zuyzier's ghost (journeyman MiFi)
 13542 | D:14     | Found a transporter.
 13542 | D:14     | Found a transporter.
 13828 | Orc:1    | Entered Level 1 of the Orcish Mines
 14105 | Orc:2    | Entered Level 2 of the Orcish Mines
 14113 | Orc:2    | Found a gate leading to a gauntlet.
 14132 | Gauntlet | Entered a Gauntlet
 14132 | Gauntlet | Found a transporter.
 14132 | Gauntlet | Found a transporter.
 14133 | Gauntlet | Found a transporter.
 14133 | Gauntlet | Found a transporter.
 14136 | Gauntlet | Found a transporter.
 14136 | Gauntlet | Found a transporter.
 14145 | Gauntlet | Noticed an entropy weaver
 14146 | Gauntlet | Found a transporter.
 14150 | Gauntlet | Found a transporter.
 14154 | Gauntlet | Noticed a green death
 14166 | Gauntlet | Found a transporter.
 14167 | Gauntlet | Found a transporter.
 14184 | Gauntlet | Found a transporter.
 14188 | Gauntlet | Found a transporter.
 14512 | Gauntlet | Reached skill level 5 in Armour
 14515 | Gauntlet | Killed an entropy weaver
 14632 | Gauntlet | Identified the +2 pair of gloves of the Dungeon {Dex+7}
 14755 | Gauntlet | HP: 3/93 [green death (21)]
 14756 | Gauntlet | Killed a green death
 15023 | Gauntlet | Noticed a minotaur
 15040 | Gauntlet | Killed a minotaur
 15146 | Gauntlet | Identified the staff of Akholiuc {Fly Earth}
 15234 | Orc:2    | Reached ****** piety under Makhleb
 15265 | Orc:2    | Noticed an orc warlord
 15280 | Orc:2    | Killed an orc warlord
 15283 | Orc:2    | Reached skill level 15 in Long Blades
 15295 | Orc:2    | Paralysed by an orc sorcerer for 4 turns
 15300 | Orc:2    | HP: 4/96 [orc knight/bolt (6)]
 15444 | Orc:2    | Reached XP level 14. HP: 74/103 MP: 14/14
 15622 | Orc:2    | Acquired a tuning megaassembler {AutoDazzle, rPois rF+
                  | rCorr}
 15643 | Orc:2    | Found a roughly hewn altar of Beogh.
 15653 | Orc:2    | Found Hatt's General Store.
 15731 | Orc:2    | Found Putrocve's Jewellery Emporium.
 15740 | Orc:2    | Reached skill level 5 in Dodging
 15767 | Orc:2    | Found a bloodstained altar of Trog.
 15839 | Orc:2    | Found a staircase to the Elven Halls.
 15878 | Orc:2    | Found Ozyalem's Antique Armour Emporium.
 15892 | Orc:2    | Found Utup's Antique Weapon Emporium.
 16236 | Lair:1   | Entered Level 1 of the Lair of Beasts
 16327 | Lair:1   | Identified the dragon-blood talisman "Elud" {rN++ rCorr
                  | Str-5 Int+3}
 17675 | Lair:2   | Found a runed translucent gate.
 17676 | Lair:2   | Found a runed translucent gate.
 17676 | Lair:2   | Noticed croobank's ghost (journeyman FeDe)
 17677 | Lair:2   | Found a runed translucent gate.
 17792 | Lair:2   | Killed croobank's ghost
 18012 | Lair:2   | Found a sparkling altar of Nemelex Xobeh.
 18078 | Lair:2   | Found a staircase to the Snake Pit.
 19188 | Lair:3   | Found a staircase to the Swamp.
 19391 | Lair:4   | Found a frozen archway.
 19400 | IceCv    | Entered an ice cave
 19421 | IceCv    | Reached skill level 16 in Long Blades
 19430 | IceCv    | Reached XP level 15. HP: 113/113 MP: 15/15
 19826 | IceCv    | Noticed a frost giant
 19838 | IceCv    | Killed from afar by a frost giant

Illustrated notes

Levels and vault maps discovered:
D:1:      dpeg_arrival_signposts, layout_rooms, serial_shops, nicolae_shop_stone
D:2:      layout_basic, amcnicky_mini_pool_small, minmay_quadrilaterals
D:3:      minmay_angry_zag, layout_loops_corners, mainiacjoe_overflow_alcove_4,
          minitemple, nicolae_ecumenical_oubliette, uniq_terence
D:4:      minmay_bubble_buster, layout_cave_pools,
          grunt_temple_overflow_order_and_chaos_2,
          mainiacjoe_overflow_small_starburst, portal_sewer_entry_b,
          mainiacjoe_ossuary_entry_find_the_door, minmay_vboxes
D:5:      layout_layer_cave, fedhas_bush_and_centaur_altar, chei_slow_surprise,
          uniq_sigmund
D:6:      layout_basic, minmay_temple_entry_glassed_door, uniq_pikel
D:7:      layout_loops_ring, nicolae_zig_zag_zippers
D:8:      old_forge, layout_loops_cross
D:9:      layout_rooms, mainiacjoe_overflow_boulevard,
          overflow_temple_1_default, nicolae_elyvilon_peaceful_grove,
          hellmonk_lair_entry_icy, serial_library_hellmonk_room_a
D:10:     gammafunk_corrupted_shrine, layout_irregular_city,
          mainiacjoe_overflow_24_doors, uniq_maggie
D:11:     layout_stronghold, maelrawn_ghost_gauntlet_escape
D:12:     layout_roguey, erik_orc_1, uniq_fannar, uniq_sonja
D:13:     layout_small_grid, grunt_vaults_entry_fortified
D:14:     layout_cave_pools, gammafunk_ghost_hive
Lair:1:   layout_layer_cave, minivault_23
Lair:2:   layout_gridlike, guppyfry_snake_entry_garden, gammafunk_ghost_split,
          basic_altar
Lair:3:   layout_chaotic_city, palyth_hydra_swamp_entry, lemuel_fruit_fields
Lair:4:   layout_regular_city, nicolae_volcano_entry_s_turn,
          portal_ice_cave_entry_pillars_2, patterned_corridor,
          grunt_megastairs_3, uniq_urug
Orc:1:    layout_caves, serial_shops, nicolae_shop_waterfront
Orc:2:    grunt_orc_cross, layout_caves, basic_altar, gauntlet_entry_generic,
          nicolae_orc_lava_room
IceCv:    ice_cave_small_giant

Skill      XL: |  1  2  3  4  5  6  7  8  9 10 11 12 13 14 15 |
---------------+----------------------------------------------+-----
Ranged Weapons | 4 5 6 7 8 10 13 14 | 14.2
Long Blades    | 6 11 14 15 16 | 16.2
Armour         | 3 6 8 |  8.6
Fighting       | 4 7 9 |  9.7
Dodging        | 4 6 7 |  7.3
Stealth        | |  0.7

Action                     |  1- 3 |  4- 6 |  7- 9 | 10-12 | 13-15 || total
---------------------------+-------+-------+-------+-------+-------++-------
  Melee: Double sword      |       |       |       |   268 |   401 ||   669
         Dagger            |       |       |       |   240 |   367 ||   607
   Fire: Sling             |   126 |   250 |   696 |   244 |       ||  1316
Ability: Invent Gizmo      |       |       |       |       |     1 ||     1
    Use: Scroll            |       |     4 |     9 |     3 |     1 ||    17
         Potion            |       |       |       |     1 |     2 ||     3
   Stab: Sleeping          |       |       |       |     2 |    11 ||    13
         Distracted        |       |       |       |     1 |     2 ||     3
         Invisible         |       |       |       |       |     5 ||     5
         Confused          |       |       |       |       |     1 ||     1
 Armour: Leather armour    |     6 |    40 |    93 |   122 |       ||   261
         Acid dragon scale |       |       |       |   151 |   246 ||   397
  Dodge: Dodged            |     7 |    22 |    78 |   169 |   185 ||   461

Table legend: (Time is in decaauts)
 A = Elapsed time spent in this place.
 B = Non-inter-level travel time spent in this place.
 C = Inter-level travel time spent in this place.
 D = Time resting spent in this place.
 E = Time spent auto-exploring this place.
 F = Levels seen in this place.
 G = Mean time per level.
                   A        B        C        D        E       F      G
               +--------+--------+--------+--------+--------+-----+--------+
         Total |  19664 |  18811 |    853 |   1263 |  14130 |  24 |  819.3 |
       Dungeon |  13243 |  12482 |    761 |    290 |  10065 |  14 |  945.9 |
          Lair |   3103 |   3050 |     53 |    156 |   2393 |   4 |  775.8 |
  Orcish Mines |   1230 |   1192 |     38 |    247 |    675 |   2 |  615.0 |
         Sewer |    199 |    199 |      0 |      0 |    162 |   1 |  199.0 |
       Ossuary |    437 |    437 |      0 |    153 |    185 |   1 |  437.0 |
      Ice Cave |    414 |    414 |      0 |      0 |    299 |   1 |  414.0 |
      Gauntlet |   1036 |   1036 |      0 |    416 |    350 |   1 | 1036.0 |
               +--------+--------+--------+--------+--------+-----+--------+

Top non-repeatable levels by time:
    D:13: 1842 daAuts
  Lair:1: 1383 daAuts
    D:11: 1249 daAuts
    D:12: 1169 daAuts
     D:5: 1104 daAuts
     D:8: 1095 daAuts
Gauntlet: 1036 daAuts
   Orc:2: 959 daAuts
     D:3: 925 daAuts
    D:10: 913 daAuts
     D:6: 912 daAuts
  Lair:2: 909 daAuts
     D:4: 900 daAuts
     D:7: 884 daAuts
     D:9: 813 daAuts
